[ AOE2 MATCH · #484933544 ]
UnrankedMongols vs Chinese
[ REPLAY ANALYSIS · EXTRACTED FROM THE RECORDED GAME ]
Feudal
10:02
Castle
17:56
Imperial
—
| APM avg | 17.1 |
| APM peak | 47 |
| eAPM avg | 9.8 |
| Villagers / military | 37 / 8 |
Focus
⚔️ 19.8% · 🌾 80.2%
Skirmisher ×5 · Cavalry Archer ×3
Feudal
10:15
Castle
20:30
Imperial
—
| APM avg | 45.7 |
| APM peak | 83 |
| eAPM avg | 15.1 |
| Villagers / military | 43 / 18 |
Focus
⚔️ 29.7% · 🌾 70.3%
Archer ×18
Feudal
11:10
Castle
—
Imperial
—
| APM avg | 43.6 |
| APM peak | 125 |
| eAPM avg | 12.1 |
| Villagers / military | 60 / 13 |
Focus
⚔️ 16.7% · 🌾 83.3%
Scout Cavalry ×13
Feudal
10:48
Castle
22:58
Imperial
—
| APM avg | 26.5 |
| APM peak | 58 |
| eAPM avg | 11.6 |
| Villagers / military | 44 / 7 |
Focus
⚔️ 16.0% · 🌾 84.0%
Knight ×4 · Militia ×3
Match map
Initial resources + every placement click. Lines = walls · curves = elevation contours. ◆ gold · ⬟ stone · ● berries · ✦ relic · ◌ wall gap
Your base· Open — unwalled flank
AltF4's base· Open — 9t gap
GeoOmar's base· Open — unwalled flank
Glisserin's base· Open — 9t gap
Smoothed initial terrain · ◌ = detected wall gap · hover for details
Inputs per minute
— Bkm - - AltF4
Build order — Bkm
82 actions detected in the replay
| 0:00 | Create | Villager (Male) |
| 0:01 | Create | Villager (Male) |
| 0:01 | Create | Villager (Male) |
| 0:01 | Create | Villager (Male) |
| 0:03 | Build | House |
| 0:05 | Build | House |
| 1:43 | Create | Villager (Male) |
| 1:52 | Build | Lumber Camp |
| 2:15 | Create | Villager (Male) |
| 2:21 | Create | Villager (Male) |
| 3:06 | Create | Villager (Male) |
| 3:21 | Create | Villager (Male) |
| 3:47 | Create | Villager (Male) |
| 3:49 | Build | House |
| 4:20 | Create | Villager (Male) |
| 4:46 | Build | Mill |
| 5:22 | Create | Villager (Male) |
| 5:22 | Create | Villager (Male) |
| 5:22 | Create | Villager (Male) |
| 5:23 | Create | Villager (Male) |
| 5:23 | Create | Villager (Male) |
| 5:48 | Create | Villager (Male) |
| 6:14 | Create | Villager (Male) |
| 6:44 | Create | Villager (Male) |
| 6:54 | Research | Loom |
| 7:05 | Build | Mining Camp |
| 7:40 | Build | Mill |
| 7:43 | Research | Feudal Age |
| 8:01 | Create | Villager (Male) |
| 9:54 | Build | House |
| 10:02 | Age | Feudal Age |
| 10:03 | Build | Barracks |
| 10:23 | Build | House |
| 10:26 | Create | Villager (Male) |
| 10:38 | Build | Mining Camp |
| 11:13 | Build | Stone Wall |
| 11:19 | Build | Stone Wall |
| 11:23 | Create | Villager (Male) |
| 11:24 | Create | Villager (Male) |
| 11:37 | Build | Farm |
| 11:37 | Build | Farm |
| 11:41 | Build | Farm |
| 11:42 | Create | Villager (Male) |
| 12:13 | Build | Farm |
| 12:36 | Create | Villager (Male) |
| 12:43 | Build | Farm |
| 12:44 | Build | Farm |
| 12:55 | Create | Villager (Male) |
| 13:06 | Create | Villager (Male) |
| 13:44 | Build | Blacksmith |
| 13:51 | Create | Villager (Male) |
| 14:12 | Create | Villager (Male) |
| 14:39 | Build | Market |
| 14:47 | Research | Town Watch |
| 15:16 | Research | Castle Age |
| 15:21 | Research | Fletching |
| 16:24 | Research | Double-Bit Axe |
| 16:29 | Research | Horse Collar |
| 17:08 | Create | Villager (Male) |
| 17:20 | Build | House |
| 17:20 | Build | House |
| 17:21 | Build | House |
| 17:23 | Build | Lumber Camp |
| 17:52 | Build | Archery Range |
| 17:56 | Age | Castle Age |
| 18:05 | Create | Villager (Male) |
| 18:06 | Create | Villager (Male) |
| 18:26 | Build | Farm |
| 18:35 | Create | Cavalry Archer |
| 18:35 | Create | Cavalry Archer |
| 18:36 | Create | Cavalry Archer |
| 18:55 | Create | Villager (Male) |
| 18:56 | Create | Villager (Male) |
| 19:08 | Create | Skirmisher |
| 19:08 | Create | Skirmisher |
| 19:50 | Create | Skirmisher |
| 19:58 | Create | Skirmisher |
| 20:05 | Create | Skirmisher |
| 20:26 | Create | Villager (Male) |
| 20:27 | Create | Villager (Male) |
| 20:27 | Create | Villager (Male) |
| 21:46 | Build | Town Center |
Build order — AltF4
121 actions detected in the replay
| 0:03 | Research | Loom |
| 0:42 | Create | Villager (Male) |
| 0:42 | Create | Villager (Male) |
| 1:11 | Create | Villager (Male) |
| 1:16 | Build | Lumber Camp |
| 1:43 | Create | Villager (Male) |
| 2:12 | Create | Villager (Male) |
| 2:12 | Create | Villager (Male) |
| 2:36 | Create | Villager (Male) |
| 2:56 | Create | Villager (Male) |
| 3:11 | Build | House |
| 3:12 | Build | House |
| 3:40 | Create | Villager (Male) |
| 4:11 | Build | Mill |
| 4:17 | Create | Villager (Male) |
| 4:17 | Create | Villager (Male) |
| 4:57 | Create | Villager (Male) |
| 4:57 | Create | Villager (Male) |
| 5:40 | Build | Lumber Camp |
| 5:42 | Create | Villager (Male) |
| 5:42 | Create | Villager (Male) |
| 5:46 | Create | Villager (Male) |
| 6:02 | Create | Villager (Male) |
| 7:26 | Create | Villager (Male) |
| 8:05 | Research | Feudal Age |
| 8:19 | Build | Mining Camp |
| 9:31 | Build | Mill |
| 9:37 | Build | Barracks |
| 9:59 | Create | Villager (Male) |
| 10:00 | Create | Villager (Male) |
| 10:00 | Create | Villager (Male) |
| 10:15 | Age | Feudal Age |
| 10:34 | Research | Double-Bit Axe |
| 10:44 | Build | Archery Range |
| 10:52 | Build | Archery Range |
| 11:09 | Build | House |
| 11:18 | Create | Villager (Male) |
| 11:18 | Create | Villager (Male) |
| 11:35 | Build | Farm |
| 11:42 | Build | Blacksmith |
| 11:50 | Build | House |
| 11:52 | Build | House |
| 11:56 | Create | Archer |
| 11:56 | Create | Archer |
| 11:59 | Create | Archer |
| 12:33 | Build | Farm |
| 12:35 | Build | Farm |
| 12:38 | Build | Farm |
| 12:40 | Build | Farm |
| 12:40 | Create | Villager (Male) |
| 12:40 | Create | Villager (Male) |
| 13:07 | Create | Villager (Male) |
| 13:10 | Build | House |
| 13:15 | Create | Villager (Male) |
| 13:15 | Create | Villager (Male) |
| 13:20 | Build | Farm |
| 13:21 | Build | Farm |
| 13:21 | Build | Farm |
| 13:34 | Build | Farm |
| 13:36 | Create | Villager (Male) |
| 13:49 | Research | Fletching |
| 13:56 | Build | Farm |
| 14:00 | Create | Villager (Male) |
| 14:03 | Build | Farm |
| 14:25 | Create | Archer |
| 14:26 | Create | Archer |
| 14:32 | Build | Farm |
| 14:39 | Build | Farm |
| 14:42 | Create | Villager (Male) |
| 15:04 | Build | Palisade Wall |
| 15:10 | Build | Palisade Gate |
| 15:19 | Build | Palisade Wall |
| 15:20 | Build | Palisade Wall |
| 15:27 | Create | Archer |
| 15:27 | Create | Archer |
| 15:30 | Create | Villager (Male) |
| 15:30 | Create | Villager (Male) |
| 15:33 | Build | Farm |
| 15:43 | Build | Farm |
| 15:45 | Create | Archer |
| 16:18 | Build | Dock |
| 16:24 | Create | Archer |
| 16:24 | Create | Archer |
| 16:39 | Create | Archer |
| 16:45 | Build | House |
| 16:54 | Build | House |
| 16:58 | Build | Farm |
| 17:00 | Create | Villager (Male) |
| 17:01 | Create | Villager (Male) |
| 17:03 | Build | Farm |
| 17:46 | Research | Castle Age |
| 17:55 | Build | House |
| 19:20 | Create | Archer |
| 19:20 | Create | Archer |
| 19:20 | Create | Archer |
| 20:30 | Age | Castle Age |
| 20:32 | Research | Bodkin Arrow |
| 20:33 | Research | Bodkin Arrow |
| 20:34 | Research | Crossbowman (upgrade) |
| 20:34 | Research | Crossbowman (upgrade) |
| 20:48 | Build | Siege Workshop |
| 21:42 | Create | Archer |
| 21:42 | Create | Archer |
| 21:42 | Create | Archer |
| 21:42 | Create | Archer |
| 22:31 | Create | Villager (Male) |
| 22:31 | Create | Villager (Male) |
| 22:32 | Create | Villager (Male) |
| 22:32 | Create | Villager (Male) |
| 22:32 | Create | Villager (Male) |
| 22:32 | Create | Villager (Male) |
| 22:32 | Create | Villager (Male) |
| 22:33 | Create | Villager (Male) |
| 22:37 | Research | Bow Saw |
| 22:40 | Build | Farm |
| 22:40 | Build | Farm |
| 22:40 | Build | Farm |
| 22:40 | Build | Farm |
| 22:50 | Research | Horse Collar |
| 22:53 | Build | Mining Camp |
| 23:06 | Build | University |
Build order — GeoOmar
118 actions detected in the replay
| 0:02 | Create | Villager (Male) |
| 0:02 | Create | Villager (Male) |
| 0:02 | Create | Villager (Male) |
| 0:03 | Create | Villager (Male) |
| 0:03 | Create | Villager (Male) |
| 0:07 | Build | House |
| 0:09 | Build | House |
| 1:40 | Create | Villager (Male) |
| 1:41 | Create | Villager (Male) |
| 1:41 | Create | Villager (Male) |
| 1:41 | Create | Villager (Male) |
| 2:10 | Create | Villager (Male) |
| 2:11 | Create | Villager (Male) |
| 2:11 | Create | Villager (Male) |
| 2:11 | Create | Villager (Male) |
| 2:11 | Create | Villager (Male) |
| 2:33 | Create | Villager (Male) |
| 2:34 | Create | Villager (Male) |
| 2:49 | Create | Villager (Male) |
| 2:49 | Create | Villager (Male) |
| 2:49 | Create | Villager (Male) |
| 2:49 | Create | Villager (Male) |
| 2:49 | Create | Villager (Male) |
| 3:05 | Build | Lumber Camp |
| 3:26 | Create | Villager (Male) |
| 3:26 | Create | Villager (Male) |
| 3:26 | Create | Villager (Male) |
| 3:27 | Create | Villager (Male) |
| 3:27 | Create | Villager (Male) |
| 3:52 | Build | House |
| 3:59 | Create | Villager (Male) |
| 3:59 | Create | Villager (Male) |
| 4:45 | Create | Villager (Male) |
| 4:45 | Create | Villager (Male) |
| 4:45 | Create | Villager (Male) |
| 4:45 | Create | Villager (Male) |
| 4:45 | Create | Villager (Male) |
| 4:52 | Build | Mill |
| 4:59 | Create | Villager (Male) |
| 5:20 | Build | House |
| 5:31 | Create | Villager (Male) |
| 6:05 | Create | Villager (Male) |
| 6:05 | Create | Villager (Male) |
| 6:06 | Create | Villager (Male) |
| 6:33 | Create | Villager (Male) |
| 7:05 | Create | Villager (Male) |
| 7:06 | Create | Villager (Male) |
| 7:51 | Build | House |
| 8:31 | Build | Mill |
| 8:35 | Research | Loom |
| 8:36 | Research | Feudal Age |
| 9:19 | Build | Barracks |
| 10:06 | Build | House |
| 10:12 | Build | House |
| 11:10 | Create | Villager (Male) |
| 11:10 | Age | Feudal Age |
| 11:19 | Build | Stable |
| 11:28 | Create | Villager (Male) |
| 11:35 | Research | Double-Bit Axe |
| 11:45 | Create | Scout Cavalry |
| 11:55 | Build | Mining Camp |
| 12:00 | Create | Villager (Male) |
| 12:12 | Create | Scout Cavalry |
| 12:54 | Create | Scout Cavalry |
| 13:18 | Create | Scout Cavalry |
| 14:28 | Create | Villager (Male) |
| 14:28 | Create | Villager (Male) |
| 14:38 | Build | Farm |
| 14:39 | Build | Farm |
| 14:39 | Build | Farm |
| 14:39 | Build | Farm |
| 14:39 | Build | Farm |
| 14:40 | Build | Farm |
| 14:40 | Build | Farm |
| 14:40 | Build | Farm |
| 14:40 | Build | Farm |
| 14:40 | Build | Farm |
| 15:21 | Create | Villager (Male) |
| 15:29 | Research | Bloodlines |
| 15:41 | Create | Villager (Male) |
| 15:53 | Create | Villager (Male) |
| 15:58 | Build | Farm |
| 16:38 | Create | Scout Cavalry |
| 16:53 | Build | Stable |
| 16:58 | Build | Farm |
| 17:31 | Create | Villager (Male) |
| 17:32 | Create | Villager (Male) |
| 17:44 | Build | Farm |
| 17:47 | Build | Farm |
| 17:52 | Build | Farm |
| 18:00 | Create | Scout Cavalry |
| 18:00 | Create | Scout Cavalry |
| 18:21 | Create | Villager (Male) |
| 18:28 | Build | Farm |
| 18:33 | Build | Farm |
| 18:40 | Create | Villager (Male) |
| 18:43 | Build | Farm |
| 19:00 | Create | Scout Cavalry |
| 19:01 | Create | Scout Cavalry |
| 19:11 | Create | Villager (Male) |
| 19:40 | Create | Scout Cavalry |
| 19:40 | Create | Scout Cavalry |
| 19:41 | Create | Villager (Male) |
| 19:41 | Create | Villager (Male) |
| 19:48 | Build | House |
| 19:48 | Build | House |
| 19:49 | Build | House |
| 19:50 | Build | House |
| 19:51 | Build | House |
| 19:57 | Research | Town Watch |
| 19:58 | Research | Wheelbarrow |
| 20:33 | Create | Villager (Male) |
| 21:35 | Create | Scout Cavalry |
| 21:58 | Create | Villager (Male) |
| 22:03 | Build | Blacksmith |
| 22:06 | Create | Scout Cavalry |
| 22:55 | Create | Villager (Male) |
| 23:17 | Create | Villager (Male) |
Build order — Glisserin
101 actions detected in the replay
| 0:01 | Create | Villager (Male) |
| 0:01 | Create | Villager (Male) |
| 0:02 | Create | Villager (Male) |
| 0:03 | Build | House |
| 0:04 | Build | House |
| 0:05 | Create | Villager (Male) |
| 1:32 | Create | Villager (Male) |
| 2:09 | Create | Villager (Male) |
| 2:17 | Create | Villager (Male) |
| 2:39 | Create | Villager (Male) |
| 3:13 | Create | Villager (Male) |
| 4:01 | Build | House |
| 4:03 | Build | House |
| 4:15 | Create | Villager (Male) |
| 4:42 | Create | Villager (Male) |
| 4:52 | Build | Mule Cart |
| 5:10 | Create | Villager (Male) |
| 5:46 | Create | Villager (Male) |
| 5:46 | Create | Villager (Male) |
| 6:45 | Create | Villager (Male) |
| 6:46 | Create | Villager (Male) |
| 7:31 | Build | Barracks |
| 7:33 | Create | Villager (Male) |
| 7:42 | Research | Loom |
| 8:38 | Research | Feudal Age |
| 9:00 | Build | Mill |
| 9:39 | Build | Farm |
| 9:39 | Build | Farm |
| 9:40 | Build | Farm |
| 9:41 | Build | Farm |
| 9:57 | Create | Militia |
| 9:59 | Create | Militia |
| 9:59 | Create | Militia |
| 10:37 | Create | Villager (Male) |
| 10:48 | Age | Feudal Age |
| 10:52 | Create | Villager (Male) |
| 10:56 | Research | Man-at-Arms (upgrade) |
| 11:08 | Create | Villager (Male) |
| 12:09 | Create | Villager (Male) |
| 12:09 | Create | Villager (Male) |
| 12:19 | Build | House |
| 12:21 | Build | House |
| 12:22 | Build | House |
| 12:51 | Build | Blacksmith |
| 13:54 | Create | Villager (Male) |
| 13:54 | Create | Villager (Male) |
| 13:55 | Create | Villager (Male) |
| 14:17 | Create | Villager (Male) |
| 14:17 | Create | Villager (Male) |
| 14:28 | Create | Villager (Male) |
| 14:28 | Create | Villager (Male) |
| 14:32 | Build | Farm |
| 14:32 | Build | Farm |
| 14:35 | Build | Farm |
| 14:35 | Build | Farm |
| 15:15 | Create | Villager (Male) |
| 15:15 | Create | Villager (Male) |
| 15:25 | Build | Farm |
| 15:25 | Build | Farm |
| 15:30 | Create | Villager (Male) |
| 15:30 | Create | Villager (Male) |
| 15:30 | Create | Villager (Male) |
| 15:56 | Create | Villager (Male) |
| 15:57 | Create | Villager (Male) |
| 15:57 | Create | Villager (Male) |
| 16:27 | Create | Villager (Male) |
| 16:27 | Create | Villager (Male) |
| 16:51 | Create | Villager (Male) |
| 16:52 | Create | Villager (Male) |
| 17:37 | Build | Stone Wall |
| 17:40 | Create | Villager (Male) |
| 17:41 | Create | Villager (Male) |
| 17:41 | Create | Villager (Male) |
| 17:44 | Build | Farm |
| 17:47 | Build | Farm |
| 17:47 | Build | Farm |
| 17:47 | Build | Farm |
| 17:50 | Build | Farm |
| 17:50 | Build | Farm |
| 17:50 | Build | Farm |
| 17:54 | Build | Farm |
| 18:04 | Research | Double-Bit Axe |
| 18:10 | Research | Horse Collar |
| 18:33 | Build | Stable |
| 18:35 | Build | Stable |
| 18:51 | Build | Farm |
| 19:30 | Build | Farm |
| 19:50 | Build | Mule Cart |
| 19:57 | Research | Bloodlines |
| 20:18 | Research | Castle Age |
| 20:44 | Build | Palisade Wall |
| 21:13 | Build | Palisade Wall |
| 21:42 | Research | Scale Barding Armor |
| 21:42 | Research | Forging |
| 21:47 | Research | Bloodlines |
| 22:10 | Build | Farm |
| 22:12 | Build | Farm |
| 22:13 | Build | Farm |
| 22:58 | Age | Castle Age |
| 23:06 | Research | Husbandry |
| 23:07 | Create | Knight ×4 |
Match timeline
| 7:31 | Glisserin · first_building Barracks |
| 9:19 | GeoOmar · first_building Barracks |
| 9:37 | AltF4 · first_building Barracks |
| 10:02 | Bkm · age_up feudal |
| 10:03 | Bkm · first_building Barracks |
| 10:15 | AltF4 · age_up feudal |
| 10:44 | AltF4 · first_building Archery Range |
| 10:48 | Glisserin · age_up feudal |
| 11:10 | GeoOmar · age_up feudal |
| 11:13 | Bkm · wall_segment Stone Wall x12 |
| 11:19 | Bkm · wall_segment Stone Wall x11 |
| 11:19 | GeoOmar · first_building Stable |
| 15:04 | AltF4 · wall_segment Palisade Wall x3 |
| 15:19 | AltF4 · wall_segment Palisade Wall x1 |
| 15:20 | AltF4 · wall_segment Palisade Wall x1 |
| 16:18 | AltF4 · first_building Dock |
| 17:37 | Glisserin · wall_segment Stone Wall x6 |
| 17:52 | Bkm · first_building Archery Range |
| 17:56 | Bkm · age_up castle |
| 18:33 | Glisserin · first_building Stable |
| 20:30 | AltF4 · age_up castle |
| 20:44 | Glisserin · wall_segment Palisade Wall x8 |
| 20:48 | AltF4 · first_building Siege Workshop |
| 21:13 | Glisserin · wall_segment Palisade Wall x7 |
| 21:35 | Bkm · first_market_buy 100 wood |
| 22:58 | Glisserin · age_up castle |
| 23:15 | Bkm · resign |
[ AI ANALYSIS · 1 CREDIT ]
What really happened in this match?
Wolo.gg analyzes every decision: build order, eco, micro, common mistakes by bracket. Personalized analysis on WhatsApp or Discord in 30 seconds.
Civ guide
Mongols
Perfil
Jugador #3224538